 Dungeon Crawl Stone Soup version 0.19-a0-1384-gbb462ca (webtiles) character file.

63 mopl the Skirmisher (level 4, -2/48 HPs)
             Began as an Ogre Wanderer on Sept 3, 2016.
             Slain by aronpayne's ghost (11 damage)
             ... on level 3 of the Dungeon.
             The game lasted 00:02:21 (1398 turns).

mopl the Skirmisher (Ogre Wanderer)                 Turns: 1398, Time: 00:02:22

Health: -2/48      AC:  3    Str: 18    XL:     4   Next: 9%
Magic:  4/4        EV:  9    Int:  8    God:
Gold:   141        SH:  0    Dex: 12    Spells: 0 memorised, 3 levels left

rFire  + . .     SeeInvis .     w - +0 quarterstaff
rCold  . . .     Gourm    .     d - +0 robe
rNeg   . . .     Faith    .     (shield currently unavailable)
rPois  .         Spirit   .     (helmet restricted)
rElec  .         Dismiss  .     (no cloak)
rCorr  .         Reflect  .     (gloves unavailable)
MR     .....     Harm     .     (boots unavailable)
Stlth  ++........               (no amulet)
                                (no ring)
                                k - ring of protection from fire

@: about to teleport
A: unfitting armour, tough skin 1
a: no special abilities


You were on level 3 of the Dungeon.
You were not hungry.

You visited 1 branch of the dungeon, and saw 3 of its levels.

You collected 141 gold pieces.

Inventory:

Hand Weapons
 a - a +2 falchion
 t - a +0 whip
 w - a +0 quarterstaff (weapon)
Missiles
 h - 205 stones (quivered)
 j - 44 poisoned needles
Armour
 d - a +0 robe (worn)
Jewellery
 k - a ring of protection from fire (left hand)
Wands
 o - a wand of random effects (23/48)
Scrolls
 b - 2 scrolls of teleportation
 e - a scroll of magic mapping {unknown}
 g - 3 scrolls of identify {unknown}
 i - a scroll of noise {unknown}
 m - a scroll of remove curse {unknown}
 q - a scroll of fog {unknown}
 x - a scroll of amnesia {unknown}
Potions
 c - a potion of lignification {!q}
 n - 2 potions of curing {unknown}
 s - a potion of agility {unknown}
 v - a potion of haste {unknown}
Comestibles
 f - 3 bread rations
 l - 2 meat rations
 p - a beef jerky
 r - a chunk of flesh
 u - 16 fruits


   Skills:
 + Level 4.0 Fighting
   Level 1.0(1.6) Short Blades
 - Level 2.1(2.3) Long Blades
 * Level 1.1 Maces & Flails
 + Level 2.4 Throwing
 - Level 1.0 Dodging
 - Level 2.4 Stealth


You had 3 spell levels left.
You didn't know any spells.

Dungeon Overview and Level Annotations

Branches:
Dungeon (3/15)

Altars:
Gozag
Makhleb

Annotations:
D:3 aronpayne's ghost, amateur FoFi


Innate Abilities, Weirdness & Mutations

You are too large for most types of armour.
You have tough skin. (AC +1)


Message History

You are too injured to fight recklessly!
You are too injured to fight recklessly!
You are too injured to fight recklessly!
Aronpayne's ghost (amateur Formicid Fighter) comes into view.
Aronpayne's ghost turns its malevolent gaze towards you.
Aronpayne's ghost screams, "Very impressive.
But it won't help.
Nothing will."
You barely miss the goblin. The goblin hits you with a club.
Aronpayne's ghost hits you.
* * * LOW HITPOINT WARNING * * *
As you read the scroll of teleportation, it crumbles to dust.
You feel strangely unstable. The goblin hits you with a club.
* * * LOW HITPOINT WARNING * * *
Aronpayne's ghost barely misses you.
Press: ? - help, v - describe, . - travel
Here: aronpayne's ghost The floor.
Okay, then.
You miss the goblin. The goblin hits you but does no damage.
Aronpayne's ghost hits you!
You die...

######.#.#....#...........
....).........#..........#
#####.##......#..........#
....#.####....#........#.#
###...#.............##.#.##
.....##.###................
..##.'..# #............#.#
..8#.######..######.##.#.###.##.
..##.. ......W@g..w...........
..##... .....#.#######.#.###.#.
..##......#....>#......#...#.#...
..8#.####.#.# #.######........#
..##.. ... #........# ..#### #.#
..........# ..#####...
..##.?......# ..8#.....# ...
#.......$# ..##....# #.
#........#


You could see a worm, aronpayne's ghost and a goblin.

Vanquished Creatures
  An ooze (D:2)
  2 worms
  A dart slug (D:1)
  2 giant geckos (D:1)
  2 bats (D:1)
  2 giant cockroaches
  3 goblins (D:1)
  2 hobgoblins (D:1)
  11 jackals (D:2)
  A quokka (D:2)
  3 ball pythons
  3 giant newts
  5 kobolds
  7 rats
45 creatures vanquished.

Notes
Turn   | Place    | Note
-------+----------+-------------------------------------------
     0 | D:1      | mopl the Ogre Wanderer began the quest for the Orb.
     0 | D:1      | mopl set off with: a +2 falchion, a scroll of teleportation, a potion of lignification {!q}, a +0 robe, a +0 dagger, a bread ration
     0 | D:1      | Reached XP level 1. HP: 22/22 MP: 1/1
    53 | D:1      | Reached skill level 3 in Fighting
    69 | D:1      | Reached skill level 1 in Throwing
    69 | D:1      | Reached XP level 2. HP: 22/31 MP: 2/2
   377 | D:1      | Reached XP level 3. HP: 25/37 MP: 3/3
   408 | D:2      | Reached skill level 2 in Throwing
   720 | D:2      | Found a burning altar of Makhleb.
  1027 | D:2      | Reached skill level 4 in Fighting
  1054 | D:2      | Reached skill level 1 in Maces & Flails
  1214 | D:3      | Found an opulent altar of Gozag.
  1264 | D:3      | Reached XP level 4. HP: 48/48 MP: 4/4
  1393 | D:3      | Noticed aronpayne's ghost (amateur FoFi)
  1398 | D:3      | Slain by aronpayne's ghost

Vault maps used:
D:1:      mrwooster_arrival_statue_2
D:2:      overflow_temple_1_default, dk_vineyard_2
D:3:      overflow_temple_1_default,
          nicolae_gozag_cash_rules_everything_around_me, serial_corexii_hall,
          corexii_hall_statues_i, corexii_hall_statues_s,
          corexii_hall_statues_l, corexii_hall_statues_l, first_bread

Skill      XL: |  1  2  3 |
---------------+----------+-----
Fighting       | 3 4 |  4.0
Throwing       | 1 2 |  2.4
Maces & Flails | 1 |  1.1
Short Blades   | |  1.0
Long Blades    | |  2.1
Dodging        | |  1.0
Stealth        | |  2.4

Action                   |  1- 3 |  4- 6 || total
-------------------------+-------+-------++-------
Melee: Falchion          |   130 |       ||   130
       Quarterstaff      |       |    15 ||    15
  Use: Scroll            |       |     1 ||     1
 Stab: Sleeping          |     6 |       ||     6
  Eat: Chunk             |     1 |     1 ||     2
Armor: Robe              |    35 |     5 ||    40
Dodge: Dodged            |    59 |     7 ||    66
